[Event "ICC tourney 2332 (75 10)"]
[Site "Internet Chess Club"]
[Date "2021.01.24"]
[Round "4"]
[White "PearsonH"]
[Black "bg26723"]
[Result "1/2-1/2"]
[ICCResult "Game drawn by mutual agreement"]
[WhiteElo "1752"]
[BlackElo "1917"]
[Opening "Queen's pawn, Mason variation"]
[ECO "D00"]
[NIC "QP.08"]
[Time "13:01:55"]
[PlyCount "69"]
[TimeControl "4500+10"]

1. d4 d5 2. Bf4 Nf6 3. e3 Bg4 4. Nf3 e6 5. h3 Bh5 6. Nbd2 c5 7. c3 Nc6 8.
Bd3 Bg6 9. Bxg6 hxg6 10. O-O Bd6 11. Ne5 Bxe5 12. Bxe5 Nxe5 13. dxe5 Nd7
14. f4 Qb6 15. Qb3 Qc6 16. Qc2 c4 17. e4 Nc5 18. exd5 Qxd5 19. Rad1 O-O-O
20. b3 cxb3 21. axb3 Qd3 22. Qxd3 Rxd3 23. b4 Na4 24. Ne4 Re3 25. Nd6+ Kb8
26. Nxf7 Rc8 27. Rd6 Nxc3 28. Rxe6 Ne2+ 29. Kh2 Rf8 30. Re7 Re4 31. Rxb7+
Kxb7 32. Nd6+ Kc6 33. Nxe4 Rxf4 34. Rxf4 Nxf4 35. Kg3 { Game drawn by
mutual agreement } 1/2-1/2

[Event "ICC tourney 2332 (75 10)"]
[Site "Internet Chess Club"]
[Date "2021.01.24"]
[Round "4"]
[White "chesslin"]
[Black "MariusC"]
[Result "0-1"]
[ICCResult "White resigns"]
[WhiteElo "1765"]
[BlackElo "1763"]
[Opening "Queen's pawn, Mason variation"]
[ECO "D00"]
[NIC "QP.08"]
[Time "13:01:42"]
[PlyCount "58"]
[TimeControl "4500+10"]

1. d4 d5 2. Bf4 Nf6 3. e3 e6 4. Nd2 Be7 5. Bd3 h6 6. Bg3 Nbd7 7. f4 c5 8.
c3 c4 9. Bc2 b5 10. Ngf3 b4 11. cxb4 Bxb4 12. O-O Ba6 13. Ne5 c3 14. Nc6
Qb6 15. Nxb4 Qxb4 16. bxc3 Qxc3 17. Rf3 Be2 18. Qxe2 Qxa1+ 19. Rf1 Qxa2 20.
Bb1 Qb2 21. f5 O-O 22. fxe6 fxe6 23. Qd3 Rac8 24. Be1 a5 25. Nb3 a4 26. Nc5
Nxc5 27. dxc5 Rxc5 28. Qa6 Qxb1 29. Qxe6+ Kh7 { White resigns } 0-1

[Event "ICC tourney 2332 (75 10)"]
[Site "Internet Chess Club"]
[Date "2021.01.24"]
[Round "4"]
[White "poohfur"]
[Black "VianYang"]
[Result "1-0"]
[ICCResult "Black resigns"]
[WhiteElo "1705"]
[BlackElo "1620"]
[Opening "Sicilian: Najdorf"]
[ECO "B90"]
[NIC "SI.14"]
[Time "13:01:49"]
[PlyCount "55"]
[TimeControl "4500+10"]

1. e4 c5 2. Nf3 d6 3. d4 cxd4 4. Nxd4 Nf6 5. Nc3 a6 6. f3 e5 7. Nb3 Be6 8.
Be3 Be7 9. Qd2 h5 10. O-O-O Nbd7 11. Rg1 b5 12. h3 h4 13. g4 hxg3 14. Rxg3
Kf8 15. Kb1 Nb6 16. Na5 Qc7 17. Bxb6 Qxb6 18. Nd5 Nxd5 19. exd5 Bf5 20. Nc6
Bh4 21. Rg2 Bxh3 22. Rh2 Bd7 23. Qg5 Bxc6 24. Rxh4 Rxh4 25. Qxh4 Be8 26.
Bd3 g6 27. Bxg6 fxg6 28. Qf6+ { Black resigns } 1-0

[Event "ICC tourney 2332 (75 10)"]
[Site "Internet Chess Club"]
[Date "2021.01.24"]
[Round "4"]
[White "JudeNYC"]
[Black "kwen2008"]
[Result "0-1"]
[ICCResult "White checkmated"]
[WhiteElo "1622"]
[BlackElo "1730"]
[Opening "Vienna gambit: Bardeleben variation"]
[ECO "C29"]
[NIC "VG.03"]
[Time "13:02:06"]
[PlyCount "108"]
[TimeControl "4500+10"]

1. e4 e5 2. Nc3 Nf6 3. f4 d5 4. fxe5 Nxe4 5. Qf3 f5 6. exf6 Nxf6 7. h3 Be7
8. d3 O-O 9. Qe2 Bc5 10. Kd1 Nc6 11. g4 Nd4 12. Qg2 Qd7 13. Nge2 Nxe2 14.
Bxe2 d4 15. Ne4 Nxe4 16. Qxe4 Qe6 17. Qxe6+ Bxe6 18. b3 Bd5 19. Rg1 Rf2 20.
h4 Raf8 21. a3 Rh2 22. h5 Rff2 23. Re1 Rxe2 24. Rxe2 Bf3 25. Bf4 Rxe2 26.
Kc1 Re1+ 27. Kb2 Rxa1 28. Kxa1 c6 29. Kb2 Bxg4 30. b4 Be7 31. h6 g5 32. Bd2
Bf3 33. Kb3 g4 34. Bf4 Bh4 35. Kc4 g3 36. Bxg3 Bxg3 37. Kxd4 Bf4 38. Kc5
Kf7 39. d4 Kg6 40. d5 Bxd5 41. c4 Be4 42. b5 cxb5 43. cxb5 Kxh6 44. b6
axb6+ 45. Kxb6 Kg5 46. a4 h5 47. a5 h4 48. a6 bxa6 49. Kxa6 h3 50. Kb5 h2
51. Kc5 h1=Q 52. Kb6 Qc1 53. Ka6 Qb2 54. Ka7 Qb7# { White checkmated } 0-1

[Event "ICC tourney 2332 (75 10)"]
[Site "Internet Chess Club"]
[Date "2021.01.24"]
[Round "4"]
[White "Ethan719"]
[Black "blueocean07"]
[Result "1-0"]
[ICCResult "Black checkmated"]
[WhiteElo "1826"]
[BlackElo "1605"]
[Opening "Sicilian: Pelikan, Chelyabinsk variation"]
[ECO "B33"]
[NIC "SI.37"]
[Time "13:01:53"]
[PlyCount "89"]
[TimeControl "4500+10"]

1. e4 c5 2. Nf3 Nc6 3. d4 cxd4 4. Nxd4 Nf6 5. Nc3 e5 6. Ndb5 d6 7. Bg5 a6
8. Na3 b5 9. Nd5 Be7 10. Bxf6 Bxf6 11. c3 O-O 12. Nc2 Bg5 13. h4 Bh6 14. g4
g6 15. g5 Bg7 16. Nce3 Be6 17. Qf3 b4 18. cxb4 Bxd5 19. Nxd5 Nd4 20. Qc3
Rc8 21. Qxc8 Qxc8 22. Ne7+ Kh8 23. Nxc8 Nc2+ 24. Kd2 Nxa1 25. Bxa6 Nb3+ 26.
axb3 f5 27. b5 fxe4 28. b6 Rxf2+ 29. Be2 Rf7 30. Ra1 Rb7 31. Ra7 Rb8 32. b7
Bf8 33. Ba6 e3+ 34. Kxe3 d5 35. Ra8 d4+ 36. Kd3 e4+ 37. Kxe4 d3 38. Rxb8 d2
39. Be2 d1=Q 40. Bxd1 h5 41. Nb6 Kg7 42. Rd8 Be7 43. Rd7 Kf7 44. b8=Q Ke6
45. Qg8# { Black checkmated } 1-0

[Event "ICC tourney 2332 (75 10)"]
[Site "Internet Chess Club"]
[Date "2021.01.24"]
[Round "4"]
[White "marinaxiao"]
[Black "vober6"]
[Result "0-1"]
[ICCResult "White checkmated"]
[WhiteElo "1496"]
[BlackElo "1876"]
[Opening "Giuoco Piano"]
[ECO "C54"]
[NIC "IG.02"]
[Time "13:01:43"]
[PlyCount "66"]
[TimeControl "4500+10"]

1. e4 e5 2. Nf3 Nc6 3. Bc4 Bc5 4. c3 Nf6 5. d3 O-O 6. O-O a5 7. Nbd2 d6 8.
h3 Qe7 9. Re1 Be6 10. Bxe6 fxe6 11. Nf1 h6 12. Ng3 Qf7 13. d4 exd4 14. cxd4
Bb6 15. b3 Nh5 16. Nxh5 Qxh5 17. Bb2 Ne7 18. Ba3 Ng6 19. e5 Nf4 20. Re3 Qg6
21. Ne1 Rad8 22. Rg3 Qe4 23. Re3 Qxd4 24. Rf3 Qxe5 25. Nc2 Ne2+ 26. Kf1
Rxf3 27. gxf3 Nf4 28. Ne1 Qb5+ 29. Kg1 Nxh3+ 30. Kh2 Nxf2 31. Qd2 Qh5+ 32.
Kg2 Qh3+ 33. Kg1 Qh1# { White checkmated } 0-1

[Event "ICC tourney 2332 (75 10)"]
[Site "Internet Chess Club"]
[Date "2021.01.24"]
[Round "4"]
[White "dabpacman"]
[Black "doudou2011"]
[Result "1-0"]
[ICCResult "Black resigns"]
[WhiteElo "1479"]
[BlackElo "1438"]
[Opening "Sicilian: Grand Prix attack"]
[ECO "B23"]
[NIC "SI.44"]
[Time "13:01:48"]
[PlyCount "105"]
[TimeControl "4500+10"]

1. e4 c5 2. Nc3 Nc6 3. f4 d6 4. Nf3 e6 5. Bb5 Bd7 6. O-O Nf6 7. d3 Be7 8.
Qe1 O-O 9. Bxc6 Bxc6 10. h3 Qb6 11. Kh2 Rad8 12. g4 Qc7 13. Qg3 Rd7 14. f5
c4 15. fxe6 fxe6 16. Ng5 Nxg4+ 17. Qxg4 d5+ 18. Bf4 Rxf4 19. Rxf4 Bxg5 20.
Qxg5 Rf7 21. Rf1 dxe4 22. dxe4 h6 23. Qg3 Rxf4 24. Rxf4 Qd7 25. Rf2 Kh7 26.
Ne2 Bxe4 27. Nf4 Qd1 28. Qg1 Qd6 29. h4 Bxc2 30. Rxc2 Qxf4+ 31. Qg3 Qe4 32.
Rg2 Qd4 33. Qg6+ Kh8 34. Qg4 Qe5+ 35. Qg3 Qd4 36. Rf2 Qd8 37. h5 Kg8 38.
Rg2 Qf8 39. Qc7 b5 40. Rd2 Kh7 41. Qe5 Qf7 42. Qe4+ Qf5 43. Qxf5+ exf5 44.
Rd5 a6 45. Rxf5 g5 46. Rf6 a5 47. Rf5 b4 48. Rxa5 c3 49. bxc3 bxc3 50. Rc5
c2 51. Rxc2 Kg7 52. Rc6 g4 53. a4 { Black resigns } 1-0

[Event "ICC tourney 2332 (75 10)"]
[Site "Internet Chess Club"]
[Date "2021.01.24"]
[Round "4"]
[White "hi987"]
[Black "Pugnacious"]
[Result "1-0"]
[ICCResult "Black resigns"]
[WhiteElo "1596"]
[BlackElo "1760"]
[Opening "Ruy Lopez: Cozio defense"]
[ECO "C60"]
[NIC "RL.04"]
[Time "13:01:43"]
[PlyCount "74"]
[TimeControl "4500+10"]

1. e4 e5 2. Nf3 Nc6 3. Bb5 Nge7 4. O-O g6 5. c3 Bg7 6. Re1 O-O 7. d3 h6 8.
Nbd2 a6 9. Ba4 b5 10. Bb3 Na5 11. Bc2 c5 12. Nf1 Nac6 13. a4 Rb8 14. Ng3 d6
15. h3 f5 16. Bb3+ Kh7 17. Nf1 f4 18. N1d2 g5 19. Nh2 Qe8 20. Ndf3 Qg6 21.
Kh1 h5 22. Rg1 g4 23. Nd2 Qf6 24. hxg4 hxg4 25. Nxg4 Qh4+ 26. Nh2 Qxf2 27.
Qh5+ Bh6 28. Ndf3 Qg3 29. Bd2 Ng8 30. Be1 Qg7 31. Bh4 Nd8 32. Bg5 Nf6 33.
Qh4 Nf7 34. Bxf6 Qg6 35. Bxf7 Rxf7 36. Ng5+ Kg8 37. Nxf7 Qxf6 { Black
resigns } 1-0

[Event "ICC tourney 2332 (75 10)"]
[Site "Internet Chess Club"]
[Date "2021.01.24"]
[Round "4"]
[White "kevinsun"]
[Black "UltimateDL"]
[Result "0-1"]
[ICCResult "White resigns"]
[WhiteElo "1213"]
[BlackElo "1631"]
[Opening "Sicilian: closed, 2...Nc6"]
[ECO "B23"]
[NIC "SI.44"]
[Time "13:02:00"]
[PlyCount "68"]
[TimeControl "4500+10"]

1. e4 c5 2. Nc3 Nc6 3. Bb5 g6 4. Bxc6 dxc6 5. f4 Bg7 6. Nf3 Nf6 7. d3 O-O
8. O-O Bg4 9. Be3 b6 10. h3 Bxf3 11. Qxf3 e6 12. f5 exf5 13. exf5 Qd7 14.
Rad1 Rfe8 15. Bg5 Nd5 16. f6 Nxc3 17. bxc3 Bf8 18. h4 h6 19. h5 Re5 20.
Bxh6 Bxh6 21. hxg6 fxg6 22. f7+ Kf8 23. Rde1 Rxe1 24. Rxe1 Bg7 25. Rf1 Bxc3
26. Qg3 Qd4+ 27. Rf2 Be1 28. Qxg6 Qxf2+ 29. Kh1 Qf1+ 30. Kh2 Qf4+ 31. Kh1
Qh4+ 32. Kg1 Ke7 33. Qg8 Qd4+ 34. Kh1 Qh8+ { White resigns } 0-1

[Event "ICC tourney 2332 (75 10)"]
[Site "Internet Chess Club"]
[Date "2021.01.24"]
[Round "4"]
[White "castle2king"]
[Black "AbleCompany"]
[Result "0-1"]
[ICCResult "White resigns"]
[WhiteElo "1660"]
[BlackElo "1568"]
[Opening "Sicilian: Canal-Sokolsky (Nimzovich-Rossolimo, Moscow) attack"]
[ECO "B51"]
[NIC "SI.01"]
[Time "13:01:49"]
[PlyCount "118"]
[TimeControl "4500+10"]

1. e4 c5 2. Nf3 d6 3. Bb5+ Nd7 4. O-O Nf6 5. Re1 g6 6. c3 Bg7 7. d4 O-O 8.
h3 a6 9. Ba4 b5 10. Bc2 Bb7 11. a4 b4 12. Nbd2 a5 13. Nc4 Nxe4 14. Bxe4
Bxe4 15. Rxe4 d5 16. Re1 dxc4 17. Qe2 cxd4 18. cxd4 Nb6 19. Bf4 Nd5 20. Be5
f6 21. Bg3 Rc8 22. Qe6+ Kh8 23. Nh4 Bh6 24. Re4 c3 25. bxc3 bxc3 26. f4 f5
27. Ree1 Qd6 28. Qe2 Bxf4 29. Bxf4 Nxf4 30. Qe3 Rfd8 31. Nf3 Rc4 32. Ne5
Qxd4 33. Nf7+ Kg8 34. Nxd8 Qxd8 35. g3 Re4 36. Qxc3 Qb6+ 37. Kf1 Nxh3 38.
Kg2 Ng5 39. Rxe4 Nxe4 40. Qf3 Qb2+ 41. Kg1 Qxa1+ 42. Kh2 Qb2+ 43. Kg1 Qc1+
44. Kh2 Qd2+ 45. Kg1 Qe1+ 46. Kh2 Qf2+ 47. Qxf2 Nxf2 48. Kg2 Ne4 49. Kf3
Nc3 50. Ke3 Nxa4 51. Kf2 Nc3 52. Ke3 e5 53. Kd2 Nd5 54. Ke2 a4 55. g4 f4
56. g5 a3 57. Kf3 a2 58. Ke4 Ne7 59. Kf3 a1=Q { White resigns } 0-1

[Event "ICC tourney 2332 (75 10)"]
[Site "Internet Chess Club"]
[Date "2021.01.24"]
[Round "4"]
[White "Roger436"]
[Black "adwaysane"]
[Result "1/2-1/2"]
[ICCResult "Game drawn by mutual agreement"]
[WhiteElo "1755"]
[BlackElo "1673"]
[Opening "Ruy Lopez: Schliemann defense"]
[ECO "C63"]
[NIC "RL.06"]
[Time "13:01:45"]
[PlyCount "123"]
[TimeControl "4500+10"]

1. e4 e5 2. Nf3 Nc6 3. Bb5 f5 4. Bxc6 dxc6 5. Nxe5 Qd4 6. Nf3 Qxe4+ 7. Qe2
Qxe2+ 8. Kxe2 Nf6 9. Nc3 Bd6 10. d3 Nd5 11. Bd2 O-O 12. Rae1 Bd7 13. Kd1
Rae8 14. Nh4 Bc5 15. Rhf1 Rxe1+ 16. Bxe1 Bd4 17. Nxd5 cxd5 18. c3 Bf6 19.
f4 Bxh4 20. Bxh4 Bb5 21. Kd2 Re8 22. Rf3 Kf7 23. Re3 Rxe3 24. Kxe3 c5 25.
b3 Ke6 26. c4 Bc6 27. a3 dxc4 28. dxc4 Bxg2 29. b4 Bf1 30. bxc5 Bxc4 31.
Kd4 Bd5 32. Bd8 Bc6 33. h4 Kf7 34. Ke5 Kg6 35. Kd6 Kh5 36. Ke6 Kg4 37. Ke5
Be4 38. a4 a5 39. Bg5 Bc2 40. Bd8 Bxa4 41. Bxa5 Kxh4 42. Kxf5 Bd7+ 43. Ke4
Kg4 44. Ke3 h5 45. Bd2 h4 46. Kf2 Bc6 47. Kg1 Kg3 48. Be1+ Kh3 49. Bf2 Bf3
50. Be3 Bg4 51. Bd2 Bf5 52. Be1 Kg4 53. Kh2 h3 54. Bd2 Kf3 55. Bc1 Ke4 56.
Bd2 Kd4 57. Bb4 Kc4 58. Ba3 Kd3 59. Bb2 g6 60. Kg3 Kc4 61. Ba3 Kb3 62. Bc1
{ Game drawn by mutual agreement } 1/2-1/2

[Event "ICC tourney 2332 (75 10)"]
[Site "Internet Chess Club"]
[Date "2021.01.24"]
[Round "4"]
[White "karuto2006"]
[Black "arconsul2"]
[Result "1-0"]
[ICCResult "Black resigns"]
[WhiteElo "1760"]
[BlackElo "1736"]
[Opening "Caro-Kann: classical, 6.h4"]
[ECO "B18"]
[NIC "CK.12"]
[Time "13:01:43"]
[PlyCount "79"]
[TimeControl "4500+10"]

1. e4 c6 2. d4 d5 3. Nc3 dxe4 4. Nxe4 Bf5 5. Ng3 Bg6 6. h4 h6 7. h5 Bh7 8.
Nf3 Nd7 9. Bd3 Bxd3 10. Qxd3 e6 11. Bf4 Qa5+ 12. Nd2 Ngf6 13. c4 Be7 14.
Kf1 O-O 15. Nb3 Qa6 16. Rh3 Nd5 17. Bd2 N7f6 18. Ne2 Nc7 19. Qg3 Nce8 20.
Bxh6 Kh8 21. Bf4 Qxc4 22. h6 g6 23. Bg5 Kh7 24. Qh4 Qb4 25. a3 Qd6 26. Nc5
Nd5 27. Nxb7 Bxg5 28. Qxg5 Qb8 29. Rb3 Qh2 30. Rh3 Qb8 31. Rb3 Qh2 32. Nc5
Rb8 33. Rxb8 Qxb8 34. Nd7 Qd6 35. Nxf8+ Qxf8 36. Rc1 Qd6 37. Nc3 Qh2 38.
Nxd5 exd5 39. Re1 Qb8 40. Qe5 { Black resigns } 1-0

[Event "ICC tourney 2332 (75 10)"]
[Site "Internet Chess Club"]
[Date "2021.01.24"]
[Round "4"]
[White "yanje03"]
[Black "Averyyu321"]
[Result "1-0"]
[ICCResult "Black forfeits on time"]
[WhiteElo "1508"]
[BlackElo "1713"]
[Opening "Sicilian: dragon, Yugoslav attack"]
[ECO "B75"]
[NIC "SI.17"]
[Time "13:01:39"]
[PlyCount "75"]
[TimeControl "4500+10"]

1. e4 c5 2. Nf3 d6 3. d4 cxd4 4. Nxd4 Nf6 5. Nc3 g6 6. Be3 Bg7 7. f3 a6 8.
Qd2 Nbd7 9. g4 h5 10. g5 Nh7 11. f4 Nhf8 12. O-O-O b5 13. Nd5 Bb7 14. Bg2
Nc5 15. Kb1 Nfd7 16. f5 Nb6 17. fxg6 fxg6 18. b4 Nc4 19. Qe2 Bxd5 20. bxc5
Bf7 21. e5 dxe5 22. Bc6+ Kf8 23. Ne6+ Bxe6 24. Rxd8+ Rxd8 25. Rf1+ Kg8 26.
Bc1 Na5 27. Be4 Bc4 28. Bd3 Bxd3 29. cxd3 Rd4 30. Bd2 Nc6 31. Qf3 e4 32.
Qf7+ Kh7 33. Bc3 Rf8 34. Qxf8 Bxf8 35. Bxd4 Nxd4 36. Rxf8 exd3 37. Kc1 Kg7
38. Rf1 { Black forfeits on time } 1-0

[Event "ICC tourney 2332 (75 10)"]
[Site "Internet Chess Club"]
[Date "2021.01.24"]
[Round "4"]
[White "kasraei"]
[Black "kleong12"]
[Result "0-1"]
[ICCResult "White resigns"]
[WhiteElo "1064"]
[BlackElo "1833"]
[Opening "Queen's pawn: London system"]
[ECO "A45"]
[NIC "QP.07"]
[Time "13:01:53"]
[PlyCount "78"]
[TimeControl "4500+10"]

1. d4 Nf6 2. Bf4 g6 3. Nd2 Bg7 4. Ngf3 d6 5. e4 Nbd7 6. Bc4 O-O 7. O-O c5
8. c3 a6 9. h3 b5 10. e5 Nh5 11. Bd5 Rb8 12. Bh2 dxe5 13. dxe5 e6 14. Bb3
Bh6 15. Ne4 Bb7 16. Nd6 Nf4 17. Nxb7 Rxb7 18. Re1 c4 19. Bc2 Nc5 20. Bxf4
Bxf4 21. Nd4 Rd7 22. Qf3 Bh6 23. Rad1 Qc7 24. Qc6 Rfd8 25. b4 Qxc6 26. Nxc6
Rxd1 27. Rxd1 Rxd1+ 28. Bxd1 Ne4 29. Bf3 Nxc3 30. Nb8 Nxa2 31. Nxa6 Bf8 32.
Nc7 c3 33. Be4 Nxb4 34. Nxb5 c2 35. Bxc2 Nxc2 36. Nd6 Nd4 37. Ne8 Bg7 38.
f4 Ne2+ 39. Kf2 Nxf4 { White resigns } 0-1

[Event "ICC tourney 2332 (75 10)"]
[Site "Internet Chess Club"]
[Date "2021.01.24"]
[Round "4"]
[White "pianoboy"]
[Black "chessp1234"]
[Result "1-0"]
[ICCResult "Black resigns"]
[WhiteElo "1849"]
[BlackElo "1784"]
[Opening "QGD Slav defense: exchange variation"]
[ECO "D10"]
[NIC "SL.01"]
[Time "13:02:32"]
[PlyCount "123"]
[TimeControl "4500+10"]

1. d4 d5 2. c4 c6 3. cxd5 cxd5 4. Bf4 Nc6 5. e3 a6 6. Nc3 e6 7. Bd3 Nf6 8.
h3 Bd6 9. Bxd6 Qxd6 10. f4 h5 11. Nf3 Nd7 12. O-O h4 13. Ne5 f5 14. Qe1
Ndxe5 15. fxe5 Qe7 16. Rc1 Bd7 17. a3 g5 18. Bxf5 exf5 19. Nxd5 Qg7 20.
Nc7+ Kf7 21. Nxa8 Rxa8 22. Qf2 Kg6 23. e6 Bxe6 24. d5 Qd7 25. dxe6 Qxe6 26.
Rc3 Rd8 27. Re1 Qd5 28. e4 fxe4 29. Rc5 Qe6 30. Qe3 Qe7 31. Qxe4+ Qxe4 32.
Rxe4 Rd2 33. Rg4 Rxb2 34. Rcxg5+ Kf6 35. Rh5 Rb1+ 36. Kf2 Rb2+ 37. Ke1 Ne5
38. Rf4+ Ke6 39. Re4 Rb5 40. Rhxh4 Kf6 41. Rhf4+ Kg6 42. Re3 Kg5 43. Rfe4
Ng6 44. Rb4 Rd5 45. Rxb7 a5 46. Rg3+ Kf5 47. a4 Re5+ 48. Kf2 Ne7 49. Rb5
Nd5 50. Rd3 Ke4 51. Rbxd5 Rxd5 52. Rxd5 Kxd5 53. h4 Kc4 54. h5 Kb4 55. h6
Kxa4 56. h7 Kb3 57. h8=Q a4 58. Qa1 a3 59. g4 a2 60. g5 Ka3 61. g6 Kb3 62.
g7 { Black resigns } 1-0

[Event "ICC tourney 2332 (75 10)"]
[Site "Internet Chess Club"]
[Date "2021.01.24"]
[Round "4"]
[White "rabbitAAAA"]
[Black "Ananya22609"]
[Result "1/2-1/2"]
[ICCResult "Game drawn by mutual agreement"]
[WhiteElo "1819"]
[BlackElo "1625"]
[Opening "QGD Slav: 4.e3"]
[ECO "D11"]
[NIC "SL.01"]
[Time "13:01:52"]
[PlyCount "117"]
[TimeControl "4500+10"]

1. d4 d5 2. c4 c6 3. Nf3 Nf6 4. e3 e6 5. b3 a6 6. Bd3 Bd6 7. O-O O-O 8.
Nbd2 Nbd7 9. Bb2 Re8 10. Ne5 Nf8 11. f4 Ng6 12. Qf3 Qe7 13. Rae1 Bd7 14. g4
Bb4 15. Re2 Bxd2 16. Rxd2 Red8 17. Rdf2 Rac8 18. c5 Be8 19. Bc3 Qc7 20. Qe2
Ne4 21. Bxe4 dxe4 22. Nxg6 hxg6 23. Qd2 Qe7 24. Ba5 Rd5 25. Rg2 f5 26. g5
Kf7 27. Qf2 Bd7 28. Qh4 Qf8 29. Bb6 Qh8 30. Qxh8 Rxh8 31. Rg3 Bc8 32. Kg2
Rd7 33. Rh3 Rxh3 34. Kxh3 Re7 35. Rg1 Re8 36. Rg3 Rh8+ 37. Kg2 Rh5 38. Rh3
Bd7 39. b4 Bc8 40. a3 Bd7 41. a4 Bc8 42. Rxh5 gxh5 43. h4 g6 44. Kf2 Bd7
45. Ke2 Ke7 46. Kd2 Be8 47. Kc3 Bd7 48. Kb3 Be8 49. Bc7 Bf7 50. Kc3 Be8 51.
Be5 Bd7 52. Bf6+ Kf7 53. a5 Be8 54. Bd8 Bd7 55. Bc7 Be8 56. Kc4 Bd7 57. Be5
Be8 58. Bd6 Bd7 59. Kc3 { Game drawn by mutual agreement } 1/2-1/2

[Event "ICC tourney 2332 (75 10)"]
[Site "Internet Chess Club"]
[Date "2021.01.24"]
[Round "4"]
[White "arjunchesszero"]
[Black "tricksterssbu"]
[Result "0-1"]
[ICCResult "White resigns"]
[WhiteElo "1148"]
[BlackElo "1631"]
[Opening "Giuoco Piano: Greco's attack"]
[ECO "C54"]
[NIC "IG.02"]
[Time "13:01:50"]
[PlyCount "111"]
[TimeControl "4500+10"]

1. e4 e5 2. Nf3 Nc6 3. Bc4 Bc5 4. c3 Nf6 5. d4 exd4 6. cxd4 Bb4+ 7. Nc3 d5
8. exd5 Nxd5 9. O-O Bxc3 10. bxc3 O-O 11. Bg5 Qd6 12. Re1 Bf5 13. Qd2 Rfe8
14. Bh4 Nf6 15. Bg3 Qd7 16. a3 Bg6 17. Ba2 Ne4 18. Qb2 Nxg3 19. hxg3 b6 20.
d5 Na5 21. Ne5 Qd6 22. f4 Nb7 23. Nc6 a6 24. Rad1 Nc5 25. Bb1 Bxb1 26. Qxb1
Nd7 27. Rxe8+ Rxe8 28. Re1 Rxe1+ 29. Qxe1 Nf6 30. Qe5 Qxe5 31. fxe5 Nxd5
32. c4 Ne3 33. Nb8 a5 34. Na6 Nxc4 35. Nxc7 Nxa3 36. Nd5 Nc4 37. Kf2 a4 38.
Nb4 Nxe5 39. Ke3 Kf8 40. Kd4 f6 41. Kd5 Ke7 42. Kd4 Kd6 43. Kc3 b5 44. Na2
Kc5 45. Nb4 Nc6 46. Nd3+ Kd6 47. Kb2 b4 48. Nc1 Kd5 49. Kc2 Nd4+ 50. Kb2
a3+ 51. Ka2 Kc4 52. g4 b3+ 53. Kb1 Kc3 54. Ne2+ Nxe2 55. g5 a2+ 56. Ka1 {
White resigns } 0-1

[Event "ICC tourney 2332 (75 10)"]
[Site "Internet Chess Club"]
[Date "2021.01.24"]
[Round "4"]
[White "Sricharan07"]
[Black "clair"]
[Result "1-0"]
[ICCResult "Black resigns"]
[WhiteElo "1877"]
[BlackElo "1681"]
[Opening "Modern defense"]
[ECO "A40"]
[NIC "QO.17"]
[Time "13:01:54"]
[PlyCount "119"]
[TimeControl "4500+10"]

1. d4 g6 2. Bf4 d6 3. Nf3 Bg7 4. e3 e6 5. Be2 Ne7 6. O-O O-O 7. h3 Nd7 8.
Bh2 b6 9. Nbd2 Bb7 10. c3 Nf6 11. Re1 Re8 12. Bf1 Ne4 13. Nxe4 Bxe4 14. Nd2
Bb7 15. Nc4 Nc6 16. e4 d5 17. exd5 exd5 18. Rxe8+ Qxe8 19. Nd2 Qd7 20. Nf3
Re8 21. Qd2 Nd8 22. Re1 Rxe1 23. Qxe1 Ne6 24. Ne5 Qa4 25. a3 c5 26. dxc5
bxc5 27. Ng4 h5 28. Ne5 Qc2 29. Qe2 Qxe2 30. Bxe2 Kf8 31. Kf1 Ke7 32. Nd3
d4 33. cxd4 Bxd4 34. f3 a5 35. Bg1 Bd5 36. Bxd4 cxd4 37. g3 f6 38. h4 Kd6
39. Ke1 g5 40. f4 g4 41. Kd2 Nc5 42. Nxc5 Kxc5 43. Bd3 Bf7 44. Bh7 Kc4 45.
Bc2 Be8 46. b3+ Kc5 47. Kd3 Bf7 48. b4+ axb4 49. axb4+ Kxb4 50. Kxd4 Ka3
51. Bh7 Kb2 52. f5 Kc1 53. Ke3 Kd1 54. Bg6 Bd5 55. Bxh5 Bf3 56. Kf4 Ke1 57.
Bxg4 Bh1 58. h5 Kf2 59. h6 Bd5 60. h7 { Black resigns } 1-0

[Event "ICC tourney 2332 (75 10)"]
[Site "Internet Chess Club"]
[Date "2021.01.24"]
[Round "4"]
[White "ctforce3"]
[Black "Telos53"]
[Result "0-1"]
[ICCResult "White checkmated"]
[WhiteElo "1890"]
[BlackElo "1819"]
[Opening "Ruy Lopez: modern Steinitz defense, 5.O-O"]
[ECO "C72"]
[NIC "RL.10"]
[Time "13:01:54"]
[PlyCount "76"]
[TimeControl "4500+10"]

1. e4 e5 2. Nf3 Nc6 3. Bb5 a6 4. Ba4 d6 5. O-O Bd7 6. Re1 b5 7. Bb3 Na5 8.
c3 Nxb3 9. axb3 Ne7 10. d4 Ng6 11. Nbd2 Be7 12. Nf1 O-O 13. Ng3 Nh4 14.
Nxh4 Bxh4 15. Qh5 g6 16. Qd1 Bg5 17. b4 Bxc1 18. Qxc1 Qf6 19. Qd2 Bc6 20.
d5 Bb7 21. Nf1 Rac8 22. Ne3 Qg5 23. Qd3 f5 24. exf5 gxf5 25. b3 f4 26. Nf1
e4 27. Qd4 Bxd5 28. h4 Qf5 29. Rxa6 Rf7 30. c4 Bb7 31. Ra5 c5 32. Qxd6 Rg7
33. Kh2 Rxg2+ 34. Kxg2 Qg4+ 35. Ng3 f3+ 36. Kh2 Qxh4+ 37. Kg1 Qh3 38. Nxe4
Qg2# { White checkmated } 0-1

[Event "ICC tourney 2332 (75 10)"]
[Site "Internet Chess Club"]
[Date "2021.01.24"]
[Round "4"]
[White "TheDude865"]
[Black "Davide25"]
[Result "0-1"]
[ICCResult "White resigns"]
[WhiteElo "1531"]
[BlackElo "1539"]
[Opening "Caro-Kann: exchange variation"]
[ECO "B13"]
[NIC "CK.02"]
[Time "13:01:53"]
[PlyCount "130"]
[TimeControl "4500+10"]

1. e4 c6 2. d4 d5 3. exd5 cxd5 4. Nf3 Nf6 5. c4 e6 6. Nc3 Nc6 7. Be3 Be7 8.
Be2 O-O 9. O-O b6 10. Rc1 Bb7 11. cxd5 Nxd5 12. Nxd5 exd5 13. Bb5 Rc8 14.
Qa4 Qd6 15. Rfe1 Qb4 16. Bd2 Qxa4 17. Bxa4 Bf6 18. Bc3 Rfe8 19. Rxe8+ Rxe8
20. Bd2 Rc8 21. Be3 a6 22. a3 h6 23. Bb3 Rd8 24. Ba2 Kf8 25. b4 Ke7 26. Kf1
g5 27. g4 Kd6 28. Ke2 Bc8 29. h3 Re8 30. Kd3 Bd7 31. Nd2 Rc8 32. f4 Nxb4+
33. axb4 Rxc1 34. Nf3 Bb5+ 35. Kd2 Rc8 36. fxg5 hxg5 37. Nxg5 Bxg5 38. Bxg5
Bc4 39. Bf4+ Ke7 40. Bb1 Rg8 41. Bf5 Bf1 42. g5 Rh8 43. Bc7 Bxh3 44. Bd3 b5
45. g6 f6 46. Ke3 Ke6 47. Kf3 Bf5 48. Bxf5+ Kxf5 49. Bd6 Kxg6 50. Kf4 Rh4+
51. Ke3 f5 52. Be5 Kg5 53. Bd6 f4+ 54. Kf3 Rh3+ 55. Kf2 Kg4 56. Kg2 Rb3 57.
Kf2 Rb2+ 58. Kf1 Kf3 59. Ke1 Ke3 60. Kf1 f3 61. Bg3 Rb1+ 62. Be1 f2 63. Kg2
fxe1=Q 64. Kh2 Qg1+ 65. Kh3 Rb2 { White resigns } 0-1

[Event "ICC tourney 2332 (75 10)"]
[Site "Internet Chess Club"]
[Date "2021.01.24"]
[Round "4"]
[White "QueensRule"]
[Black "imranchamp"]
[Result "1/2-1/2"]
[ICCResult "Game drawn by repetition"]
[WhiteElo "1628"]
[BlackElo "1826"]
[Opening "Sicilian: Alapin's variation (2.c3)"]
[ECO "B22"]
[NIC "SI.46"]
[Time "13:01:47"]
[PlyCount "81"]
[TimeControl "4500+10"]

1. e4 c5 2. c3 d5 3. exd5 Qxd5 4. d4 cxd4 5. cxd4 Nc6 6. Be3 e6 7. Nf3 Nf6
8. Nc3 Qd6 9. Nb5 Qb8 10. Bd3 a6 11. Nc3 Bd6 12. O-O h6 13. a3 O-O 14. Ne4
Nxe4 15. Bxe4 Ne7 16. Qc1 f5 17. Bd3 Rf6 18. b4 Nd5 19. Bc4 Nxe3 20. Qxe3
b5 21. Bb3 Bf4 22. Qe2 Kh7 23. Ne5 Qa7 24. g3 Qxd4 25. gxf4 Bb7 26. Qe3 Qe4
27. Qxe4 fxe4 28. Nd7 Rg6+ 29. Kh1 e3+ 30. f3 Rd8 31. Nc5 Rd2 32. Nxb7 Rgg2
33. Rfe1 Rxh2+ 34. Kg1 Rdg2+ 35. Kf1 Rf2+ 36. Kg1 Rhg2+ 37. Kh1 Rh2+ 38.
Kg1 Rhg2+ 39. Kh1 Rh2+ 40. Kg1 Rhg2+ 41. Kh1 { Game drawn by repetition }
1/2-1/2